 Dungeon Crawl Stone Soup version 0.17-a0-1638-g2ccaed7 (webtiles) character file.

834 KINGKRU the Covert (level 7, -1/52 HPs)
             Began as a Vampire Assassin on Aug 7, 2015.
             Was a Follower of Nemelex Xobeh.
             Splashed by a jelly's acid (3 damage)
             ... on level 5 of the Dungeon.
             The game lasted 00:42:11 (5292 turns).

KINGKRU the Covert (Vampire Assassin)               Turns: 5292, Time: 00:42:11

Health: -1/52      AC: -11   Str:  8    XL:     7   Next: 66%
Magic:  8/8        EV: 29    Int: 17    God:    Nemelex Xobeh [*.....]
Gold:   229        SH:  0    Dex: 17    Spells: 0 memorised, 6 levels left

rFire  + . .     SeeInvis +     a - +2 dagger
rCold  . . .     Clarity  .     j - +0 robe {rF+}
rNeg   + . .     SustAt   .     (no shield)
rPois  .         Gourm    .     (no helmet)
rElec  .         Spirit   .     d - +0 cloak
rCorr  .         Warding  .     (no gloves)
rMut   .         Stasis   .     (no boots)
MR     .....                    l - amulet of faith
Stlth  +++++.....               q - +3 ring of intelligence
                                h - +5 ring of evasion

@: phasing (expiring), corroded equipment, cleaving, very slightly contaminated,
invisible, not resistant to hostile enchantments, quite stealthy
A: fangs 3, slimy green scales 1, see invisible, high mp 1, weak 1, unbreathing
a: Bat Form, Renounce Religion


You were on level 5 of the Dungeon.
You worshipped Nemelex Xobeh.
Nemelex Xobeh was aware of your devotion.
You were not thirsty.

You visited 1 branch of the dungeon, and saw 5 of its levels.

You collected 229 gold pieces.

Inventory:

Hand weapons
 a - a +2 dagger (weapon)
 b - a +0 blowgun
 m - a +0 dagger of venom
Missiles
 e - 38 poisoned needles (quivered)
 f - 2 curare-tipped needles
Armour
 d - a +0 cloak (worn)
 j - a +0 robe of fire resistance (worn)
Jewellery
 g - an uncursed ring of ice {unknown}
 h - a +5 ring of evasion (left hand)
 l - an amulet of faith (around neck)
 q - a +3 ring of intelligence (right hand)
Scrolls
 i - a scroll of recharging
 p - 2 scrolls of magic mapping
Potions
 k - a potion of degeneration
 n - a potion of resistance
 o - a potion of invisibility
Miscellaneous
 c - a plain deck of war {drawn: 9}


   Skills:
 + Level 3.1 Fighting
 + Level 3.8 Short Blades
 + Level 1.7 Throwing
 + Level 5.8 Dodging
 + Level 9.9 Stealth
 + Level 0.6 Evocations


You had 6 spell levels left.
You didn't know any spells.

Dungeon Overview and Level Annotations

Branches:
Dungeon (5/15)
 Temple: D:4-7

Altars:
Ashenzari
Elyvilon
Gozag
Nemelex Xobeh
Vehumet


Innate Abilities, Weirdness & Mutations

You have razor-sharp teeth.
You have supernaturally acute eyesight.
You can survive without breathing.
You are partially covered in slimy green scales (AC +2).
You have an increased reservoir of magic (+10% MP).
You are weak. (Str -2)


Message History

The jelly quivers.
You hit the jelly but do no damage.
Your hands burn!
You hit the jelly but do no damage. The acid corrodes you!
Your hands burn!
The jelly hits you.
You are splashed with acid!
The acid burns!
* * * LOW HITPOINT WARNING * * *
You hit the jelly but do no damage. The acid corrodes you!
Your hands burn!
* * * LOW HITPOINT WARNING * * *
You feel closer to the material plane. The jelly completely misses you.
A scorpion comes into view.
The jelly completely misses you.
Found 14 stones.
You draw a card...
It is the Blade.
Your +2 dagger looks oddly sharp.
The jelly closely misses you. The jelly completely misses you.
You hit the jelly but do no damage.
Your hands burn!
* * * LOW HITPOINT WARNING * * *
You hit the jelly but do no damage.
Your hands burn!
You die...
Your body disappears without a glow.

*** *<* **,* *,,* **** **,,* #
*,,** *,,,* ##
#################...****,,**
.## #......((..J@J....Z(,**,,,*
>(###.<....(..#######..s,,*,,**
...##.........# *,,,,,,,,*
...##......(..# ***,,,,,**
...##.........# **,,,,,**
..#*#(........# **,,,,,*** .##
#.........# *,,,,,,,,* ##
#.........# **,,*,,,,,* #
#######[#.# *,,,**,,,,*


You could see a scorpion (sleeping), 2 jellies and a quokka skeleton (dormant).

Vanquished Creatures
  A centaur (D:4)
  An ogre (D:4)
  2 wights (D:4)
  A crimson imp (D:5)
  2 orc wizards (D:4)
  A gnoll shaman (D:3)
  A centaur skeleton (D:4)
  A hound (D:5)
  An iguana (D:5)
  A worker ant (D:4)
  The ghost of yottam the Skirmisher, a weakling HuWn (D:3)
  3 gnolls (D:4)
  8 adders
  A shadow imp (D:5)
  2 oozes (D:4)
  An adder zombie (D:5)
  2 worms (D:2)
  6 giant geckos
  14 orcs
  7 bats
  A giant cockroach (D:1)
  6 goblins
  3 hobgoblins
  2 jackals (D:2)
  8 kobolds
  5 giant newts
  3 quokkas
  A quokka zombie (D:5)
  3 rats
89 creatures vanquished.

Vanquished Creatures (collateral kills)
  A phantom (D:4)
  An ogre (D:4)
  An orc (D:4)
3 creatures vanquished.

Vanquished Creatures (others)
  4 jackals (D:2)
  A rat (D:2)
5 creatures vanquished.

Grand Total: 97 creatures vanquished

Notes
Turn   | Place    | Note
--------------------------------------------------------------
     0 | D:1      | KINGKRU the Vampire Assassin began the quest for the Orb.
     0 | D:1      | Reached XP level 1. HP: 16/16 MP: 1/1
   109 | D:1      | Reached skill level 6 in Stealth
   629 | D:1      | Reached XP level 2. HP: 22/22 MP: 2/2
   984 | D:2      | Reached XP level 3. HP: 23/27 MP: 3/3
  1046 | D:2      | Reached skill level 7 in Stealth
  1121 | D:2      | Found a white marble altar of Elyvilon.
  1324 | D:2      | Found a faded altar to an unknown god.
  1534 | D:3      | Reached XP level 4. HP: 22/33 MP: 4/4
  1810 | D:3      | Noticed yottam's ghost (weakling HuWn)
  1885 | D:3      | Killed yottam's ghost
  2352 | D:3      | Gained mutation: You have an increased reservoir of magic (+10% MP). [potion of mutation]
  2352 | D:3      | Gained mutation: You are weak. (Str -2) [potion of mutation]
  2352 | D:3      | Gained mutation: You are partially covered in slimy green scales (AC +2). [potion of mutation]
  2527 | D:4      | Reached XP level 5. HP: 39/39 MP: 5/5
  2530 | D:4      | Reached skill level 8 in Stealth
  2711 | D:4      | Noticed an ogre
  2713 | D:4      | Killed an ogre
  2713 | D:4      | Reached XP level 6. HP: 46/46 MP: 6/6
  3272 | D:4      | Found a sparkling altar of Nemelex Xobeh.
  3277 | D:4      | Found a radiant altar of Vehumet.
  3280 | D:4      | Found a shattered altar of Ashenzari.
  3286 | D:4      | Became a worshipper of Nemelex Xobeh the Trickster
  3505 | D:4      | Noticed a centaur
  3508 | D:4      | Killed a centaur
  3508 | D:4      | Reached skill level 9 in Stealth
  3517 | D:4      | Noticed a phantom
  3519 | D:4      | Reached XP level 7. HP: 51/51 MP: 7/7
  3829 | D:4      | Received a gift from Nemelex Xobeh
  3837 | D:4      | Reached skill level 5 in Dodging
  4177 | D:4      | Killed a phantom
  4494 | D:5      | Entered Level 5 of the Dungeon
  5090 | D:5      | Found an opulent altar of Gozag.
  5292 | D:5      | HP: 2/52 [acid (4)]
  5292 | D:5      | Splashed by a jelly's acid

Vault maps used:
D:1:      minmay_arrival_semitransparent
D:2:      first_bread, ecumenical_altar_2, serial_park_tiny_pond,
          elyvilon_altar_4
D:4:      grunt_temple_overflow_diamond, minivault_19
D:5:      grunt_gozag_statues, minmay_crossroads

Action                   |  1- 3 |  4- 6 |  7- 9 || total
-------------------------+-------+-------+-------++-------
Melee: Dagger            |    97 |   188 |   141 ||   426
 Fire: Blowgun           |     5 |       |       ||     5
Evoke: Deck              |       |       |     9 ||     9
  Use: Potion            |     3 |     4 |     4 ||    11
       Scroll            |     1 |     6 |     4 ||    11
 Stab: Sleeping          |    11 |    10 |     2 ||    23
       Distracted        |       |     1 |       ||     1
  Eat: Corpse            |    10 |    11 |     4 ||    25
